 Dungeon Crawl Stone Soup version 0.29.1-12-g30fa7ad0bf (webtiles) character file.

Game seed: 13085054912507338076

112 wormed the Ruffian (level 4, -4/42 HPs)
             Began as a Troll Gladiator on Dec 21, 2022.
             Slain by a gnoll
             ... wielding a +0 flail
              (8 damage)
             ... on level 3 of the Dungeon.
             The game lasted 00:02:37 (1611 turns).

wormed the Ruffian (Troll Gladiator)                Turns: 1611, Time: 00:02:38

Health: -4/42      AC:  4    Str: 22    XL:     4   Next: 64%
Magic:  3/3        EV: 10    Int:  4    God:
Gold:   135        SH:  0    Dex: 13    Spells: 3/3 levels left

rFire   . . .      SeeInvis .     - Unarmed
rCold   . . .      Faith    .   (no shield)
rNeg    . . .      Spirit   .   a - +0 robe
rPois   .          Reflect  .   b - +0 hat
rElec   .          Harm     .   (no cloak)
rCorr   .          Rampage  .   (gloves unavailable)
Will    .....                   (boots unavailable)
Stlth   +.........              (no amulet)
HPRegen 0.94/turn               (no ring)
MPRegen 0.08/turn               (no ring)

@: no status effects
A: large, unfitting armour, claws 3, regeneration 1, shaggy fur 1, tough skin 1
a: no special abilities


You were on level 3 of the Dungeon.
You visited 1 branch of the dungeon, and saw 3 of its levels.

You collected 135 gold pieces.

Inventory:

Missiles
 c - 5 throwing nets
 d - 4 large rocks (quivered)
Armour
 a - a +0 robe (worn)
 b - a +0 hat (worn)
Jewellery
 i - a ring of ice
Scrolls
 f - a scroll of teleportation {unknown}
 g - 3 scrolls of identify {unknown}
 j - a scroll of magic mapping {unknown}
 k - a scroll of poison {unknown}
 l - 2 scrolls of enchant armour {unknown}
Potions
 e - a potion of heal wounds {unknown}
 h - a potion of brilliance {unknown}
 m - a potion of haste
 n - 2 potions of attraction {unknown}
 o - a potion of mutation {unknown}
 p - a potion of might {unknown}
 q - a potion of curing {unknown}


   Skills:
 + Level 2.2 Fighting
 + Level 2.3 Throwing
 + Level 2.8 Dodging
 + Level 1.3 Shields
 * Level 4.0 Unarmed Combat


You had 3 spell levels left.
You didn't know any spells.
Your spell library contained the following spells:

 Spells                   Type           Power      Damage    Failure   Level
 Sandblast                Erth           0%         2d4       50%         1
 Passwall                 Tmut/Erth      0%         N/A       65%         2
 Gell's Gravitas          Tloc           0%         N/A       86%         3
 Lesser Beckoning         Tloc           0%         N/A       86%         3
 Stone Arrow              Conj/Erth      0%         3d7       86%         3
 Teleport Other           Tloc           0%         N/A       86%         3


Dungeon Overview and Level Annotations

Branches:
Dungeon (3/15)

Altars:

Shops:
D:1 [


Innate Abilities, Weirdness & Mutations

You are too large for most types of armour.
You have claws for hands.
Your natural rate of healing is unusually fast.
You are covered in fur. (AC +1)
You have tough skin. (AC +1)


Message History

You scratch the orc.
The orc is lightly wounded.
The orc barely misses you.
You barely miss the orc.
The orc is lightly wounded.
You claw the orc!
You kill the orc!
The gnoll hits you from afar with a +0 spear.
You scratch the gnoll.
The gnoll is moderately wounded.
The gnoll hits you with a +0 club.
* * * LOW HITPOINT WARNING * * *
The gnoll barely misses you.
You scratch the gnoll.
The gnoll is heavily wounded.
The gnoll barely misses you. The gnoll closely misses you.
The gnoll hits you with a +0 club.
* * * LOW HITPOINT WARNING * * *
You scratch the gnoll.
The gnoll is severely wounded.
The gnoll closely misses you. x2
You claw the gnoll!
You kill the gnoll!
The gnoll barely misses you.
Your Unarmed Combat skill increases to level 4!
The gnoll closely misses you. The gnoll barely misses you.
The gnoll hits you with a +0 spear.
You scratch the gnoll but do no damage. You scratch the gnoll.
The gnoll is heavily wounded.
The gnoll closely misses you. The gnoll hits you but does no damage.
You scratch the gnoll.
The gnoll is severely wounded.
The gnoll hits you with a +0 spear. The gnoll hits you with a +0 flail.
* * * LOW HITPOINT WARNING * * *
The gnoll hits you from afar with a +0 spear!
* * * LOW HITPOINT WARNING * * *
The gnoll attacks as you move away! The gnoll hits you with a +0 flail!
You die...

#.## #...##
##).#######
#.)gg.....# #
#.###).##.##.# #
####.##....#
#g.....)##
#g###.#..########
#@###.##.#.......
#.).#.##.).....#
###.#.####.###..#
#....$...#.#
#####.##.#.#
........#.#
#######.#.#
#......#
#.##.###.# ###


You could see 2 gnolls.

Vanquished Creatures
  An adder (D:2)
  2 gnolls (D:3)
  3 dart slugs
  7 orcs (D:3)
  4 ball pythons
  A bat skeleton (D:2)
  7 endoplasms
  7 giant cockroaches
  5 goblins
  7 hobgoblins
  5 kobolds
  2 quokkas (D:1)
  A ball python zombie (D:2)
  6 bats
  A quokka zombie (D:2)
  3 rats
62 creatures vanquished.

Notes
Turn   | Place    | Note
-------+----------+-------------------------------------------
     0 | D:1      | wormed the Troll Gladiator began the quest for the Orb.
     0 | D:1      | Reached XP level 1. HP: 19/19 MP: 0/0
    71 | D:1      | Reached XP level 2. HP: 28/28 MP: 1/1
   154 | D:1      | Found Hanar's Armour Boutique.
   662 | D:1      | Reached XP level 3. HP: 35/35 MP: 2/2
   858 | D:2      | Reached skill level 1 in Shields
  1230 | D:2      | Reached XP level 4. HP: 42/42 MP: 3/3
  1239 | D:2      | Found a faded altar of an unknown god.
  1598 | D:3      | Reached skill level 4 in Unarmed Combat
  1611 | D:3      | Slain by a gnoll

Illustrated notes

Levels and vault maps discovered:
D:1:      dpeg_arrival_arbitrary_a, layout_basic, serial_shops, shop_statue
D:2:      layout_basic, serial_undead, serial_undead_f, serial_undead_b,
          serial_undead_c, serial_undead_d,
          shapermc_ecumenical_altar_totnotflames, grunt_ministairs_14,
          minmay_pentomino_v4
D:3:      layout_basic, nzn_wu_jian_council_hall, serial_shops, shop,
          bh_walls_and_bars

Skill      XL: |  1  2  3  4 |
---------------+-------------+-----
Throwing       | 2 |  2.3
Fighting       | 2 |  2.2
Shields        | 1 |  1.3
Unarmed Combat | 4 |  4.0
Dodging        | |  2.8

Action                   |  1- 3 |  4- 6 || total
-------------------------+-------+-------++-------
Melee: Unarmed           |    96 |    45 ||   141
       Punch             |     2 |     1 ||     3
 Stab: Sleeping          |     1 |     1 ||     2
Armor: Robe              |    29 |    11 ||    40
Dodge: Dodged            |    34 |    33 ||    67
